 Dungeon Crawl Stone Soup version 0.15.0-14-g6bbbb5c (console) character file.

361 gw the Chopper (level 6, -2/56 HPs)
             Began as a Deep Dwarf Fighter on Sept 4, 2014.
             Was a Believer of Makhleb.
             Slain by an orc warrior
             ... wielding a +0 dire flail
              (4 damage)
             ... on Level 5 of the Dungeon.
             The game lasted 00:03:17 (4156 turns).

gw the Chopper (Deep Dwarf Fighter)                 Turns: 4156, Time: 00:03:17

HP  -2/56        AC 10     Str 19      XL: 6   Next: 38%
MP   7/7         EV  7     Int  9      God: Makhleb [**....]
Gold 0           SH  0     Dex 14      Spells:  0 memorised,  5 levels left

rFire  . . .     SeeInvis .     a - +2 war axe
rCold  . . .     Clarity  .     l - +0 chain mail
rNeg   . . .     rCorr    .     (no shield)
rPois  .         rRot     .     (no helmet)
rElec  .         Spirit   .     e - +0 cloak
SustAb .         Warding  .     (no gloves)
rMut   .         Stasis   .     (no boots)
Gourm  .                        (no amulet)
MR     .....                    (no ring)
                                (no ring)

@: non-regenerating, not resistant to hostile enchantments, extremely unstealthy
A: damage resistance, recharge devices, sense surroundings 1, slow healing 3
a: Device Recharging, Minor Destruction, Renounce Religion


You were on level 5 of the Dungeon.
You worshipped Makhleb.
Makhleb was pleased with you.
You were hungry.

You visited 1 branch of the dungeon, and saw 5 of its levels.

Inventory:

Hand weapons
 a - a +2 war axe (weapon)
Missiles
 c - 71 stones
 p - a tomahawk (quivered)
Armour
 e - a +0 cloak (worn)
 l - a +0 chain mail (worn)
Magical devices
 d - a wand of heal wounds (0)
 q - a wand of lightning (9) {unknown}
Comestibles
 f - 6 bread rations
 g - 4 fruits
 o - a slice of pizza
Scrolls
 b - 2 scrolls of teleportation
 i - 7 scrolls of identify
 j - 6 scrolls of remove curse
 k - a scroll of enchant armour
 m - a scroll of immolation {unknown}
Potions
 n - a potion of might
Miscellaneous
 h - a stone of tremors


   Skills:
 + Level 3.6 Fighting
 * Level 4.7 Axes
 + Level 2.3 Throwing
 + Level 4.6 Armour
   Level 3.2 Shields
 + Level 2.1 Invocations


You had 5 spell levels left.
You didn't know any spells.

Dungeon Overview and Level Annotations

Branches:
Dungeon (5/15)             Temple (0/1) D:5

Altars:
Makhleb
Trog
Zin

Annotations:
D:4 Phlounder's ghost, average GrMo


Innate Abilities, Weirdness & Mutations

You are resistant to damage.
You can recharge devices by infusing magical energy.
You passively map a small area around you.
You do not heal naturally.


Message History

The orc warrior is severely wounded.
The orc warrior hits you with a dire flail.
ATTACKING (0,1)
You closely miss the orc warrior.
The orc warrior is severely wounded.
The orc warrior hits you but does no damage.
ATTACKING (0,1)
You hit the orc warrior.
The orc warrior is severely wounded.
The orc warrior completely misses you.
The orc warrior hits you with a dire flail!
ATTACKING (0,1)
You hit the orc warrior but do no damage.
The orc warrior is severely wounded.
The orc warrior hits you with a dire flail.
ATTACKING (0,1)
You hit the orc warrior.
The orc warrior is almost dead.
The orc warrior hits you with a dire flail.
You die...

# #..## #.# #..# #..# #.#
##.# ##..# #.# #.## ##..##
#.# #..## ##%### ##.#
#...###### ##.## #.>##
#........# #.## ##...#
#####......### ..#
##....###(........## .##
#......)g..(..(..## ..####
##(.....(o(##.....#
#....###..?.....#####)...####
#####...######<## #.......# #
##..# ### ##.[...### # ##.#
#....### ## #.# #...## .##
#.# ##### ### #.## #.# ##.#


You could see an orc warrior.

Table legend:
 A = Turns spent in this place as a percentage of turns spent in the entire game.
 B = Non-inter-level travel turns spent in this place as a percentage of non-inter-level travel turns spent in the entire game.
 C = Inter-level travel turns spent in this place as a percentage of turns spent in this place.
 D = Turns resting spent in this place as a percentage of non-inter-level travel turns spent in this place.
 E = Turns spent auto-exploring this place as a percentage of non-inter-level travel turns spent in this place.
 F = Non-inter-level travel turns spent in this place divided by the number of levels of this place that you've seen.
                   A       B       C       D       E      F
               +-------+-------+-------+-------+-------+----------------------
         Total | 100.0 | 100.0 |   1.5 |   0.1 |  14.3 | 279.2
       Dungeon | 100.0 | 100.0 |   1.5 |   0.1 |  14.3 | 279.2
               +-------+-------+-------+-------+-------+----------------------

Table legend:
 A = Kills in this place as a percentage of kills in entire the game.
 B = Kills by you in this place as a percentage of kills by you in the entire game.
 C = Kills by friends in this place as a percentage of kills by friends in the entire game.
 D = Other kills in this place as a percentage of other kills in the entire game.
 E = Experience gained in this place as a percentage of experience gained in the entire game.
 F = Experience gained in this place divided by the number of levels of this place that you have seen.
                   A       B       C       D       E      F
               +-------+-------+-------+-------+-------+----------------------
         Total | 100.0 | 100.0 |  -nan |  -nan | 100.0 | 103.4
       Dungeon | 100.0 | 100.0 |  -nan |  -nan | 100.0 | 103.4
               +-------+-------+-------+-------+-------+----------------------

Vanquished Creatures
  A big kobold (D:5)
  2 orc wizards (D:4)
  A worker ant (D:5)
  An iguana (D:4)
  5 adders
  3 worms
  2 giant mites (D:4)
  5 giant geckos
  An ooze (D:1)
  11 orcs
  15 bats
  A giant cockroach (D:4)
  A giant mite zombie (D:5)
  8 hobgoblins
  8 jackals
  17 kobolds
  A quokka (D:5)
  3 ball pythons
  5 giant newts
  4 goblins
  A goblin skeleton (D:3)
  A hobgoblin skeleton (D:4)
  3 rats
100 creatures vanquished.

Notes
Turn   | Place    | Note
--------------------------------------------------------------
     0 | D:1      | gw, the Deep Dwarf Fighter, began the quest for the Orb.
     0 | D:1      | Reached XP level 1. HP: 20/20 MP: 1/1
   335 | D:1      | Reached XP level 2. HP: 27/27 MP: 2/2
   863 | D:1      | Reached skill level 1 in Throwing
   951 | D:2      | Found a burning altar of Makhleb.
  1055 | D:2      | Reached XP level 3. HP: 15/33 MP: 3/3
  1494 | D:2      | Reached XP level 4. HP: 16/40 MP: 4/4
  1567 | D:2      | Reached skill level 4 in Armour
  2184 | D:2      | Became a worshipper of Makhleb the Destroyer
  2392 | D:4      | Reached skill level 1 in Invocations
  2392 | D:4      | Reached XP level 5. HP: 23/49 MP: 5/5
  2468 | D:4      | Noticed Phlounder's ghost (average GrMo)
  2705 | D:4      | Found a bloodstained altar of Trog.
  2816 | D:4      | Acquired Makhleb's first power
  3168 | D:3      | Found a glowing silver altar of Zin.
  3304 | D:5      | Entered Level 5 of the Dungeon
  3811 | D:5      | Found a staircase to the Ecumenical Temple.
  3910 | D:5      | Reached XP level 6. HP: 33/56 MP: 7/7
  3935 | D:5      | Acquired Makhleb's second power
  4155 | D:5      | HP: 2/56 [orc warrior/dire flail (3)]
  4156 | D:5      | Slain by an orc warrior

Action                   |  1- 3 |  4- 6 || total
-------------------------+-------+-------++-------
Melee: War axe           |   108 |   182 ||   290
Throw: Stone             |   132 |    95 ||   227
       Tomahawk          |       |    53 ||    53
Invok: Minor Destruction |       |     3 ||     3
Evoke: Wand              |       |     5 ||     5
  Use: Potion            |     2 |     4 ||     6
       Scroll            |     7 |     6 ||    13
  Eat: Chunk             |     2 |     8 ||    10

Vault maps used:
D:1:      mrwooster_arrival_statue
D:2:      old_standard_altar, serial_corexii_hall, corexii_hall_statues_i,
          corexii_hall_statues_l
D:3:      zin_statuary
D:4:      bloody_trog, minmay_hollow_rounded_squares
D:5:      minmay_temple_entry_steel_oval, first_bread
